 Dungeon Crawl Stone Soup version 0.21.1-1-g345015f (webtiles) character file.

115 kae the Grave Robber (level 4, -4/30 HPs)
             Began as a Mummy Necromancer on June 10, 2018.
             Slain by a gnoll
             ... wielding a +0 spear
              (8 damage)
             ... on level 2 of the Dungeon.
             The game lasted 00:03:15 (2850 turns).

kae the Grave Robber (Mummy Necromancer)            Turns: 2850, Time: 00:03:16

Health: -4/30      AC:  2    Str: 11    XL:     4   Next: 68%
Magic:  1/9        EV: 12    Int: 15    God:
Gold:   122        SH:  0    Dex: 12    Spells: 5/10 levels left

rFire    x . .     SeeInvis .   (no weapon)
rCold    + . .     Gourm    .   (no shield)
rNeg     + + +     Faith    .   a - +0 robe
rPois    ∞         Spirit   .   (no helmet)
rElec    .         Reflect  .   (no cloak)
rCorr    .         Harm     .   (no gloves)
MR       .....                  (no boots)
Stlth    ++........             (no amulet)
HPRegen  0.10/turn              (no ring)
MPRegen  0.11/turn              (no ring)

@: no status effects
A: no food or potions, fire vulnerability, cold resistance 1, negative energy
resistance 3, torment resistance, unbreathing
a: no special abilities


You were on level 2 of the Dungeon.
You were not hungry.

You visited 1 branch of the dungeon, and saw 2 of its levels.

You collected 122 gold pieces.

Inventory:

Armour
 a - a +0 robe (worn)
Jewellery
 i - an uncursed ring of flight {unknown}
Scrolls
 c - a scroll of magic mapping
 d - a scroll of amnesia {unknown}
 e - a scroll of enchant weapon
 h - a scroll of immolation {unknown}
Books
 b - a book of Necromancy

   Spells                             Type                      Level
   a - Pain                           Necromancy                   1
   b - Animate Skeleton               Necromancy                   1
   c - Vampiric Draining              Necromancy                   3
   d - Regeneration                   Charms/Necromancy            3
   e - Animate Dead                   Necromancy                   4
   f - Borgnjor's Vile Clutch         Necromancy/Earth             5


   Skills:
 + Level 2.3 Dodging
 - Level 1.5 Stealth
 + Level 3.8 Spellcasting
 * Level 5.2 Necromancy


You had 5 spell levels left.
You knew the following spells:

 Your Spells              Type           Power        Failure   Level  Hunger
a - Pain                  Necr           ###.         2%          1    N/A
b - Animate Skeleton      Necr           N/A          2%          1    N/A
c - Vampiric Draining     Necr           ###.......   6%          3    N/A

Dungeon Overview and Level Annotations

Branches:
Dungeon (2/15)

Altars:


Innate Abilities, Weirdness & Mutations

You do not eat or drink.
Your flesh is vulnerable to fire.
You are immune to poison.
Your flesh is cold resistant. (rC+)
You are immune to negative energy. (rN+++)
You are immune to unholy pain and torment.
You can survive without breathing.


Message History

Casting: Pain
Confirm with . or Enter, or press ? or * to list all spells.
You don't have enough magic to cast that spell.
Casting: Pain
Confirm with . or Enter, or press ? or * to list all spells.
You don't have enough magic to cast that spell.
You barely miss the gnoll.
The gnoll is almost dead.
The gnoll hits you from afar with a spear!
The gnoll closely misses you.
You hit the gnoll.
You kill the gnoll!
The gnoll hits you from afar with a spear.
* * * LOW HITPOINT WARNING * * *
Your magical contamination has completely faded away.
The gnoll hits you with a spear.
* * * LOW HITPOINT WARNING * * *
You see here a spear.
The gnoll hits you from afar with a spear!
You die...

#....##........##.###.......
#....##>....................
#.............##############
#.............#
#...........#.#
#...........#.##♣♣ *****
#..............#P♣♣ ***,,,*
#.).(......†.....P♣***,+,,,*
##.........@....PP.♣,,**,,,*
###.......)...#..♣.♣*******
#.......g..##♣♣♣*♣
#..........#
#..........######### ####
#........<.........# #...
#..................# ###.
###.............########.
#....................#.


You could see a gnoll.

Vanquished Creatures
  5 gnolls
  An adder (D:2)
  An ooze (D:1)
  2 worms (D:2)
  4 bats
  3 goblins (D:1)
  7 hobgoblins
  2 jackals (D:2)
  A frilled lizard (D:1)
  4 kobolds
  9 rats
39 creatures vanquished.

Vanquished Creatures (collateral kills)
  A gnoll (D:1)
  2 giant cockroaches
  A hobgoblin (D:1)
  A frilled lizard (D:2)
5 creatures vanquished.

Grand Total: 44 creatures vanquished

Notes
Turn   | Place    | Note
-------+----------+-------------------------------------------
     0 | D:1      | kae the Mummy Necromancer began the quest for the Orb.
     0 | D:1      | Reached XP level 1. HP: 13/13 MP: 4/4
   157 | D:1      | Reached XP level 2. HP: 19/19 MP: 1/5
   187 | D:1      | Learned a level 1 spell: Animate Skeleton
   789 | D:1      | Reached XP level 3. HP: 20/24 MP: 3/7
   870 | D:1      | Learned a level 3 spell: Vampiric Draining
  1071 | D:2      | HP: 1/24 [worm (12)]
  1798 | D:2      | HP: 1/24 [kobold/dagger (2)]
  2365 | D:1      | Reached XP level 4. HP: 14/30 MP: 5/9
  2526 | D:1      | Reached skill level 5 in Necromancy
  2850 | D:2      | Slain by a gnoll

Skill      XL: |  1  2  3  4 |
---------------+-------------+-----
Spellcasting   | 3 |  3.8
Dodging        | 2 |  2.3
Necromancy     | 5 |  5.2
Stealth        | |  1.5

Action                   |  1- 3 |  4- 6 || total
-------------------------+-------+-------++-------
Melee: Unarmed           |    62 |     5 ||    67
 Cast: Pain              |    74 |    14 ||    88
       Animate Skeleton  |    13 |     1 ||    14
       Vampiric Draining |     2 |     2 ||     4
  Use: Scroll            |     5 |       ||     5
Armor: Robe              |    20 |     2 ||    22
Dodge: Dodged            |    57 |    17 ||    74
